 Dungeon Crawl Stone Soup version 0.29.0-4-gdea44cf6ec (webtiles) character file.

Game seed: 2867008251245247046

1250 qw the Cleaver (level 8, -9/73 HPs)
             Began as a Minotaur Berserker on Sept 4, 2022.
             Was a Priest of Trog.
             Asphyxiated
             ... on level 7 of the Dungeon.
             The game lasted 00:01:32 (6274 turns).

qw the Cleaver (Minotaur Berserker)                 Turns: 6274, Time: 00:01:33

Health: -9/73      AC: 13    Str: 23    XL:     8   Next: 26%
Magic:  7/7        EV:  7    Int:  4    God:    Trog [***...]
Gold:   1124       SH:  5    Dex: 11    Spells: 7/7 levels left

rFire   . . .      SeeInvis .   b - +1 broad axe (spect)
rCold   . . .      Faith    .   (no shield)
rNeg    . . .      Spirit   .   o - +0 plate armour
rPois   .          Reflect  +   (helmet restricted)
rElec   +          Harm     .   (no cloak)
rCorr   +          Rampage  .   a - +0 pair of gloves
Will    .....      Clarity  +   (no boots)
Stlth   ..........              d - amulet of reflection
HPRegen 0.22/turn               s - ring of resist corrosion
MPRegen 0.10/turn               (no ring)

@: lethally poisoned (-9 -> -47), on berserk cooldown, slowed, very slow
A: horns 2, retaliatory headbutt, clarity, electricity resistance
a: Renounce Religion, Berserk, Trog's Hand


You were on level 7 of the Dungeon.
You worshipped Trog.
Trog was most pleased with you.
You visited 1 branch of the dungeon, and saw 7 of its levels.

You collected 1451 gold pieces.
You spent 327 gold pieces at shops.


Innate Abilities, Weirdness & Mutations

You have a pair of horns on your head.
You reflexively headbutt those who attack you in melee.
You possess an exceptional clarity of mind.
You are resistant to electric shocks. (rElec)


   Skills:
 - Level 7.0 Fighting
 + Level 10.0 Axes
 - Level 2.0 Throwing
 - Level 4.2 Armour
 - Level 2.1 Dodging


You had 7 spell levels left.
You didn't know any spells.
Your spell library was empty.

Inventory:

Hand Weapons
 b - a +1 spectral broad axe (weapon)
 m - a +0 morningstar
Missiles
 q - a boomerang
 t - 2 javelins (quivered)
Armour
 a - a +0 pair of gloves (worn)
 c - a scarf of invisibility
 o - a +0 plate armour (worn)
Jewellery
 d - an amulet of reflection (around neck)
 f - a ring of fire
 i - an amulet of regeneration
 j - a ring of fire
 s - a ring of resist corrosion (left hand)
Scrolls
 e - a scroll of identify
 p - 2 scrolls of teleportation
Potions
 g - a potion of curing
 h - a potion of mutation
 k - 6 potions of heal wounds
 l - a potion of berserk rage {unknown}
 n - a potion of degeneration {unknown}
 r - a potion of cancellation {unknown}

Dungeon Overview and Level Annotations

Branches:
Dungeon (7/15)             Temple (0/1) D:5

Altars:
Cheibriados
Kikubaaqudgha
Nemelex Xobeh
Qazlal
Sif Muna
Vehumet
Wu Jian

Shops:
D:1 (   D:5 **


Message History

The kobold shouts!
Your Fighting skill gained 2 levels and is now at level 7!
You feel very sick.
A kobold brigand comes into view.
It is wielding a +0 dagger and quivering curare-tipped darts.
You feel a strong urge to attack something.
You feel very sick.
The kobold brigand shouts!
You hear a shout! x2
A kobold comes into view. It is wielding a +0 short sword.
You feel yourself speed up.
You feel sick.
The kobold shouts!
The kobold hits you with a +0 whip.
A kobold comes into view. It is wielding a +0 dagger.
The kobold brigand throws a curare-tipped dart.
The curare-tipped dart hits you.
You are more poisoned.
You have difficulty breathing.
You feel yourself slow down.
You slash the kobold!
You kill the kobold!
Trog accepts your kill.
You feel very sick.
The kobold brigand throws a curare-tipped dart.
The curare-tipped dart hits you.
You are lethally poisoned!
You have difficulty breathing.
You feel as though you will be slow longer.
A kobold comes into view. It is wielding a +0 club.
You are no longer berserk.
You are exhausted.
You feel as though you will be slow longer.
You feel very sick.
The kobold shouts!
You hear a bark!
The kobold throws a stone.
You reflect the stone off an invisible shield around you!
The stone hits the kobold.
The kobold brigand throws a curare-tipped dart.
The curare-tipped dart hits you.
You are more poisoned.
You have difficulty breathing.
You die...

.............. #....
............. #...#
####........ #...#
#...#...... #...#
####.###......
#####(..###.............
..........%.##..........
.#.K.......###..........
...K...@...# #....)....#
.K.K...)>..###..))#.....
...........#..........##
...........#.#####....#
.##........#.#.....####
#........# #.#####
#........# #....#
######.#...####.# ##
#.)...# #.


You could see a kobold brigand and 3 kobolds.

Vanquished Creatures
  A hornet (D:7)
  A black bear (D:5)
  2 ogres (D:5)
  2 necrophages (D:6)
  2 scorpions (D:5)
  A gnoll bouda (D:6)
  6 hounds
  An orc priest (D:7)
  3 iguanas
  An orc wizard (D:7)
  6 gnolls
  7 adders
  An ufetubus (D:4)
  2 dart slugs
  7 orcs
  6 bats
  11 endoplasms
  4 goblins
  6 hobgoblins
  3 kobolds
  5 quokkas
  5 ball pythons
  3 frilled lizards
  9 rats
95 creatures vanquished.

Vanquished Creatures (others)
  5 toadstools (D:3)
5 creatures vanquished.

Grand Total: 100 creatures vanquished

Notes
Turn   | Place    | Note
-------+----------+-------------------------------------------
     0 | D:1      | qw the Minotaur Berserker began the quest for the Orb.
     0 | D:1      | Reached XP level 1. HP: 19/19 MP: 0/0
     0 | D:1      | 0 ||| qw: Version: 0.1-a-103-gd6f5d3a
     0 | D:1      | 0 ||| qw: Game counter: 5608
     0 | D:1      | 0 ||| qw: Always use a shield: true
     0 | D:1      | 0 ||| qw: Do Orc after D:15 true
     0 | D:1      | 0 ||| qw: Do second Lair branch before Depths: true
     0 | D:1      | 0 ||| qw: Lair rune preference: random
     0 | D:1      | 0 ||| qw: Plans: Normal
     0 | D:1      | 0 ||| PLANNING D:1-11
    24 | D:1      | 24 ||| INVOKING Berserk.
    24 | D:1      | HP: 4/28 [quokka (5)]
   428 | D:1      | Reached skill level 4 in Axes
   488 | D:1      | Reached XP level 2. HP: 26/26 MP: 1/1
   845 | D:1      | Found Moqooc's Weapon Shoppe.
   853 | D:1      | 853 ||| SHOPLISTING +0 mace (36 gold, have 33).
   853 | D:1      | 853 ||| BUYING +0 whip (30 gold).
   853 | D:1      | Bought a +0 whip for 30 gold pieces
   853 | D:1      | 853 ||| DROPPING +0 club.
  1037 | D:1      | Reached skill level 5 in Axes
  1237 | D:1      | 1237 ||| UPGRADING to +0 leather armour.
  1247 | D:1      | 1247 ||| DROPPING +0 animal skin.
  1248 | D:1      | 1248 ||| UPGRADING to +0 chain mail.
  1258 | D:1      | 1258 ||| DROPPING +0 leather armour.
  1259 | D:1      | 1259 ||| READING scroll labelled VIBRIE KUSHYFA.
  1260 | D:1      | 1260 ||| READING scroll labelled QIEMUL DYLO.
  1261 | D:1      | 1261 ||| READING 2 scrolls labelled ENNORIUNAQ.
  1262 | D:1      | 1262 ||| READING scroll labelled POIRYPNE OKHLIA.
  1263 | D:1      | 1263 ||| DRINKING 2 green potions.
  1264 | D:1      | 1264 ||| DROPPING scroll of fear.
  1313 | D:2      | Reached XP level 3. HP: 29/31 MP: 2/2
  1348 | D:2      | 1348 ||| Stepping ~*~*~tactically~*~*~ (stealth).
  1464 | D:2      | Found a faded altar of an unknown god.
  1905 | D:2      | 1905 ||| UPGRADING to +0 pair of gloves.
  1910 | D:2      | 1910 ||| READING scroll labelled LOIBLA RIDEWK.
  1911 | D:2      | 1911 ||| READING scroll labelled QAPPIRUESA.
  1968 | D:3      | Reached ** piety under Trog
  2420 | D:3      | Reached skill level 6 in Axes
  2420 | D:3      | Reached XP level 4. HP: 39/39 MP: 3/3
  2894 | D:3      | 2894 ||| READING scroll labelled ALIREG QOIRCH.
  2895 | D:3      | 2895 ||| READING scroll labelled HIUTOR YSAESSU.
  2895 | D:3      | Identified a scroll of acquirement
  2895 | D:3      | 2895 ||| ACQUIRING amulet of reflection
  2895 | D:3      | Acquired an amulet of reflection
  2897 | D:3      | 2897 ||| UPGRADING to amulet of reflection.
  2902 | D:3      | 2902 ||| DRINKING 2 yellow potions.
  2903 | D:3      | 2903 ||| DROPPING potion of magic.
  2942 | D:4      | Found a snail-covered altar of Cheibriados.
  2944 | D:4      | Found a radiant altar of Vehumet.
  3080 | D:4      | 3080 ||| Stepping ~*~*~tactically~*~*~ (stealth).
  3159 | D:4      | 3159 ||| READING scroll of enchant weapon.
  3159 | D:4      | 3159 ||| ENCHANTING +1 hand axe.
  3244 | D:4      | 3244 ||| INVOKING Berserk.
  3247 | D:4      | Reached skill level 7 in Axes
  3247 | D:4      | Reached XP level 5. HP: 45/45 MP: 4/4
  3737 | D:4      | 3737 ||| DROPPING +0 whip.
  3747 | D:4      | Found a stormy altar of Qazlal.
  3983 | D:4      | 3983 ||| READING 2 scrolls of identify.
  3983 | D:4      | 3983 ||| IDENTIFYING pink potion
  3984 | D:4      | 3984 ||| DROPPING potion of attraction.
  3994 | D:5      | Entered Level 5 of the Dungeon
  4013 | D:5      | Found Zicush's Mayhem Merchandise.
  4029 | D:5      | 4029 ||| BUYING +0 broad axe (56 gold).
  4029 | D:5      | Bought a +0 broad axe for 56 gold pieces
  4029 | D:5      | 4029 ||| SWAPPING to +0 broad axe.
  4035 | D:5      | 4035 ||| DROPPING +2 hand axe.
  4061 | D:5      | Noticed an ogre
  4061 | D:5      | Noticed a black bear
  4062 | D:5      | 4062 ||| INVOKING Berserk.
  4063 | D:5      | 4063 ||| INVOKING Berserk.
  4065 | D:5      | Killed an ogre
  4066 | D:5      | Reached skill level 8 in Axes
  4066 | D:5      | Reached XP level 6. HP: 52/52 MP: 5/5
  4205 | D:5      | Found Gaipnar's General Store.
  4205 | D:5      | Found Afreram's Specific Store.
  4217 | D:5      | 4217 ||| BUYING scroll of brand weapon (142 gold).
  4217 | D:5      | Bought a scroll of brand weapon for 142 gold pieces
  4217 | D:5      | 4217 ||| BUYING scroll of identify (30 gold).
  4217 | D:5      | Bought a scroll of identify for 30 gold pieces
  4217 | D:5      | 4217 ||| BUYING scroll of teleportation (45 gold).
  4217 | D:5      | Bought a scroll of teleportation for 45 gold pieces
  4217 | D:5      | 4217 ||| READING scroll of brand weapon.
  4217 | D:5      | 4217 ||| BRANDING +0 broad axe.
  4222 | D:5      | 4222 ||| BUYING scroll of identify (24 gold).
  4222 | D:5      | Bought a scroll of identify for 24 gold pieces
  4256 | D:5      | Found an ancient bone altar of Kikubaaqudgha.
  4296 | D:5      | Identified the +5 ring mail of Wobo {Stlth+}
  4368 | D:5      | Reached skill level 9 in Axes
  4414 | D:5      | 4414 ||| Stepping ~*~*~tactically~*~*~ (stealth).
  4426 | D:5      | Reached skill level 3 in Armour
  4454 | D:5      | 4454 ||| INVOKING Berserk.
  4459 | D:5      | Reached XP level 7. HP: 60/60 MP: 6/6
  4599 | D:5      | Found a sparkling altar of Nemelex Xobeh.
  4607 | D:5      | 4607 ||| Stepping ~*~*~tactically~*~*~ (hiding).
  4796 | D:5      | Found a staircase to the Ecumenical Temple.
  5046 | D:5      | 5046 ||| UPGRADING to +0 plate armour.
  5056 | D:5      | 5056 ||| DROPPING +0 chain mail.
  5057 | D:5      | 5057 ||| UPGRADING to ring of resist corrosion.
  5058 | D:5      | 5058 ||| DRINKING 2 fizzy pink potions.
  5059 | D:5      | 5059 ||| DRINKING 2 grey potions.
  5059 | D:5      | Gained mutation: You are resistant to electric shocks.
                  | (rElec) [potion of mutation]
  5059 | D:5      | Gained mutation: You possess an exceptional clarity of
                  | mind. [potion of mutation]
  5060 | D:5      | 5060 ||| READING 3 scrolls of identify.
  5060 | D:5      | 5060 ||| IDENTIFYING bubbling golden potion
  5061 | D:5      | 5061 ||| READING 2 scrolls of identify.
  5061 | D:5      | 5061 ||| IDENTIFYING dark potion
  5062 | D:5      | 5062 ||| DROPPING potion of invisibility.
  5063 | D:5      | 5063 ||| DROPPING potion of flight.
  5097 | D:4      | 5097 ||| READING scroll labelled WIATEB BOUNIPH.
  5289 | D:6      | Reached skill level 1 in Throwing
  5311 | D:6      | Found a shimmering blue altar of Sif Muna.
  5454 | D:6      | 5454 ||| Stepping ~*~*~tactically~*~*~ (hiding).
  5455 | D:6      | 5455 ||| Stepping ~*~*~tactically~*~*~ (hiding).
  5456 | D:6      | 5456 ||| Stepping ~*~*~tactically~*~*~ (hiding).
  5458 | D:6      | 5458 ||| Stepping ~*~*~tactically~*~*~ (stealth).
  5461 | D:6      | 5461 ||| INVOKING Berserk.
  5464 | D:6      | Reached skill level 10 in Axes
  5761 | D:6      | Found an ornate altar of the Wu Jian Council.
  5921 | D:6      | 5921 ||| READING 2 scrolls labelled ROYSAO JILOG.
  5922 | D:6      | 5922 ||| READING 2 scrolls of identify.
  5922 | D:6      | 5922 ||| IDENTIFYING brown potion
  5923 | D:6      | 5923 ||| DROPPING potion of brilliance.
  5924 | D:6      | 5924 ||| DROPPING scroll of poison.
  5925 | D:6      | 5925 ||| READING 3 scrolls of teleportation.
  6010 | D:7      | 6010 ||| DROPPING +2 vorpal flail.
  6016 | D:7      | 6016 ||| READING scroll of enchant weapon.
  6016 | D:7      | 6016 ||| ENCHANTING +0 spectral broad axe.
  6102 | D:7      | 6102 ||| INVOKING Berserk.
  6105 | D:7      | Reached XP level 8. HP: 69/69 MP: 7/7
  6107 | D:7      | Reached *** piety under Trog
  6148 | D:7      | 6148 ||| READING scroll of acquirement.
  6148 | D:7      | 6148 ||| ACQUIRING 965 gold pieces
  6148 | D:7      | Acquired 965 gold pieces
  6259 | D:7      | Noticed a hornet
  6265 | D:7      | Paralysed by a hornet for 1 turns
  6268 | D:7      | 6268 ||| INVOKING Berserk.
  6269 | D:7      | Killed a hornet
  6272 | D:7      | HP: 22/109 [asphyx]
  6273 | D:7      | HP: 10/109 [asphyx]
  6274 | D:7      | HP: 1/73 [poisoned by a kobold brigand (curare-tipped
                  | dart)]
  6274 | D:7      | Asphyxiated

Levels and vault maps discovered:
D:1:      dpeg_arrival_ratfight, layout_loops_corners, serial_shops, shop
D:2:      layout_loops_ring, ebering_ecumenical_altar_mist
D:3:      layout_basic, minmay_gold_behind_fungi, st_stairs_4
D:4:      layout_loops_corners, nicolae_overflow_hidden_temple
D:5:      layout_rooms, mainiacjoe_overflow_small_starburst,
          mainiacjoe_overflow_24_doors, minmay_temple_entry_ruins,
          hangedman_abyss_or_decor_slice, minivault_11, kennysheep_path_1,
          minmay_shop_mayhem, nicolae_specific_store, serial_park_tiny_pond,
          kennysheep_generic_room_11
D:6:      nicolae_cairo_tiling_large_dashed, layout_cave_pools,
          lemuel_tele_altar, pdpol_wu_jian_five_deadly_venoms, item_on_display_a
D:7:      layout_basic, mainiacjoe_overflow_surrounded_room,
          nicolae_concentric_dashed_squares_mild, interstate_on_off

Skill      XL: |  1  2  3  4  5  6  7  8 |
---------------+-------------------------+-----
Axes           | 4 5 6 7 8 9 10 | 10.0
Fighting       | 4 5 7 |  7.0
Armour         | 3 4 |  4.2
Throwing       | 2 |  2.0
Dodging        | |  2.1

Action                   |  1- 3 |  4- 6 |  7- 9 || total
-------------------------+-------+-------+-------++-------
Melee: Hand axe          |    68 |    36 |       ||   104
       Headbutt          |     6 |     8 |     5 ||    19
       Broad axe         |       |    26 |    37 ||    63
Throw: Boomerang         |    35 |       |       ||    35
       Javelin           |       |       |    12 ||    12
Invok: Berserk           |     1 |     3 |     3 ||     7
  Use: Scroll            |     6 |     5 |     8 ||    19
       Potion            |     1 |     1 |     2 ||     4
Armor: Chain mail        |    21 |    28 |       ||    49
       Animal skin       |     2 |       |       ||     2
       Plate armour      |       |       |    11 ||    11
Dodge: Dodged            |    19 |    20 |     6 ||    45
Block: Other             |       |    13 |    12 ||    25
       Reflection        |       |       |     1 ||     1

Table legend:
 A = Non-vault XP
 B = Vault XP
 C = Vault XP percentage of total XP
 D = Non-vault monster count
 E = Vault monster count
 F = Vault count percentage of total count
                 A         B        C        D         E       F
            +---------+---------+-------+---------+---------+-------
      Total |    1699 |      88 |   4.9 |      86 |       9 |   9.5
            +---------+---------+-------+---------+---------+-------
        D:1 |      33 |       5 |  13.2 |      19 |       5 |  20.8
        D:2 |      37 |       0 |   0.0 |      10 |       0 |   0.0
        D:3 |      43 |       5 |  10.4 |      11 |       2 |  15.4
        D:4 |     139 |       0 |   0.0 |      17 |       0 |   0.0
        D:5 |     678 |      78 |  10.3 |      13 |       2 |  13.3
        D:6 |     367 |       0 |   0.0 |      10 |       0 |   0.0
        D:7 |     402 |       0 |   0.0 |       6 |       0 |   0.0
            +---------+---------+-------+---------+---------+-------
